 Dungeon Crawl Stone Soup version 0.29.1-14-g9c671dbff4 (webtiles) character file.

Game seed: 15225119862683144978

82 Kangrisorn the Trooper (level 4, -7/41 HPs)
             Began as a Minotaur Fighter on Feb 17, 2023.
             Mangled by a gnoll
             ... wielding a +0 halberd
             ... led by a gnoll sergeant
              (9 damage)
             ... on level 3 of the Dungeon.
             The game lasted 00:05:53 (1938 turns).

Kangrisorn the Trooper (Minotaur Fighter)           Turns: 1938, Time: 00:05:53

Health: -7/41      AC:  7    Str: 23    XL:     4   Next: 21%
Magic:  3/3        EV:  5    Int:  5    God:
Gold:   157        SH:  0    Dex:  9    Spells: 3/3 levels left

rFire   . . .      SeeInvis .   j - +8 mithril axe "Arga" {speed, Will+}
rCold   . . .      Faith    .   c - +1 buckler
rNeg    . . .      Spirit   .   b - +0 scale mail
rPois   .          Reflect  +   (helmet restricted)
rElec   .          Harm     .   (no cloak)
rCorr   .          Rampage  .   (no gloves)
Will    ++...                   (no boots)
Stlth   ..........              i - amulet of reflection
HPRegen 0.13/turn               e - ring of willpower
MPRegen 0.08/turn               (no ring)

@: held
A: horns 2, retaliatory headbutt
a: no special abilities


You were on level 3 of the Dungeon.
You visited 1 branch of the dungeon, and saw 3 of its levels.

You collected 157 gold pieces.

Inventory:

Hand Weapons
 a - a +0 war axe
 j - the +8 mithril axe "Arga" (weapon) {speed, Will+}
   (You acquired it on level 1 of the Dungeon)

   Attacks with this weapon are significantly faster.
   Will:      It increases your willpower.
Missiles
 m - 3 boomerangs (quivered)
Armour
 b - a +0 scale mail (worn)
 c - a +1 buckler (worn)
Jewellery
 e - a ring of willpower (left hand)
 i - an amulet of reflection (around neck)
Scrolls
 h - 3 scrolls of teleportation
 k - a scroll of enchant armour
Potions
 d - a potion of might
 f - 2 potions of curing
 g - a potion of resistance
 l - a potion of mutation {unknown}


   Skills:
 + Level 4.4 Fighting
 + Level 3.4 Axes
 + Level 0.1 Throwing
 + Level 4.3 Armour
 + Level 4.3 Shields


You had 3 spell levels left.
You didn't know any spells.
Your spell library was empty.

Dungeon Overview and Level Annotations

Branches:
Dungeon (3/15)

Altars:


Innate Abilities, Weirdness & Mutations

You have a pair of horns on your head.
You reflexively headbutt those who attack you in melee.


Message History

You barely miss the endoplasm. You slash the quokka!
You kill the quokka!
The endoplasm hits you but does no damage.
You slice the endoplasm!!
You kill the endoplasm!
A worm comes into view.
Found a scroll labelled YLLYUD PEAJ.
You see here a quokka corpse.
You hit the worm.
The worm is lightly wounded.
The worm closely misses you. You furiously retaliate!
You headbutt the worm! You slash the worm!
You kill the worm!
A rat and a gnoll come into view.
The gnoll shouts!
There are monsters nearby!
A gnoll sergeant comes into view. It is wielding a +0 spear.
A gnoll comes into view. It is wielding a +0 club.
The gnoll throws a throwing net.
The throwing net hits you.
You become entangled in the net!
A gnoll comes into view. It is wielding a +0 halberd.
The gnoll sergeant moves out of view.
You see here a throwing net.
You struggle against the net.
The gnoll shouts!
A gnoll comes into view. It is wielding a +0 spear.
The gnoll shouts!
The gnoll hits you from afar with a +0 halberd.
The gnoll hits you from afar with a +0 halberd!
You struggle against the net.
The gnoll hits you from afar with a +0 halberd! x2
* * * LOW HITPOINT WARNING * * *
The rat bites you but does no damage.
You struggle against the net.
The gnoll hits you from afar with a +0 halberd.
* * * LOW HITPOINT WARNING * * *
The gnoll barely misses you. The rat bites you but does no damage.
You struggle against the net.
The gnoll hits you from afar with a +0 halberd!
You die...

#. .. #.# .# #.
#.#.# g## #.###.#.#
g. #.....#.# g###
##
#.....#.####gg.#...
..................
###......@r......
#.......!#.####
#.†......#
#........#
#.###........#
#............#
#####........#
#...†........#
#.#####...#..#


You could see a gnoll sergeant, 4 gnolls and a rat.

Vanquished Creatures
  A gnoll (D:1)
  An adder (D:2)
  A worm (D:3)
  2 dart slugs (D:1)
  A bat (D:2)
  9 endoplasms
  3 giant cockroaches
  4 goblins
  7 hobgoblins
  4 quokkas
  5 ball pythons
  2 frilled lizards
  5 kobolds
  4 rats
49 creatures vanquished.

Notes
Turn   | Place    | Note
-------+----------+-------------------------------------------
     0 | D:1      | Kangrisorn the Minotaur Fighter began the quest for the
                  | Orb.
     0 | D:1      | Reached XP level 1. HP: 19/19 MP: 0/0
   190 | D:1      | Reached XP level 2. HP: 26/26 MP: 1/1
   558 | D:1      | Found a faded altar of an unknown god.
   619 | D:1      | Reached XP level 3. HP: 33/33 MP: 2/2
   827 | D:1      | Identified a scroll of acquirement
   827 | D:1      | Acquired the +8 mithril axe "Arga" {speed, Will+}
   827 | D:1      | Found the +8 mithril axe "Arga" {speed, Will+}
  1399 | D:2      | Reached XP level 4. HP: 41/41 MP: 3/3
  1931 | D:3      | Noticed a gnoll sergeant
  1937 | D:3      | HP: 2/41 [gnoll/+0 halberd[a gnoll sergeant] (2)]
  1938 | D:3      | Mangled by a gnoll

Illustrated notes

Levels and vault maps discovered:
D:1:      eino_arrival_cavern_d, layout_basic,
          dreamdust_ecumenical_altar_angels_and_demons, nicolae_hexahallways,
          hex_tiny
D:2:      layout_basic, chequers_garden, minmay_tripent
D:3:      layout_basic, elyvilon_altar_3, uniq_jessica, uniq_crazy_yiuf_cottage

Skill      XL: |  1  2 |
---------------+-------+-----
Fighting       | 4 |  4.4
Armour         | 4 |  4.3
Shields        | 4 |  4.3
Axes           | 3 |  3.4
Throwing       | |  0.1

Action                   |  1- 3 |  4- 6 || total
-------------------------+-------+-------++-------
Melee: War axe           |    43 |       ||    43
       Headbutt          |     5 |       ||     5
       Broad axe         |    29 |    15 ||    44
  Use: Scroll            |     7 |       ||     7
Armor: Scale mail        |    20 |     7 ||    27
Dodge: Dodged            |    19 |     3 ||    22
Block: Buckler           |    30 |     4 ||    34
